 Dungeon Crawl Stone Soup version 0.17-a0-2073-gde5cdba (webtiles) character file.

133 Ohli the Chopper (level 4, 0/37 HPs)
             Began as a Minotaur Gladiator on Oct 15, 2015.
             Slain by a gnoll
             ... wielding a +0 flail
              (3 damage)
             ... on level 4 of the Dungeon.
             The game lasted 00:08:17 (2119 turns).

Ohli the Chopper (Minotaur Gladiator)               Turns: 2119, Time: 00:08:17

Health: 0/37       AC:  7    Str: 21    XL:     4   Next: 93%
Magic:  3/3        EV: 12    Int:  5    God:
Gold:   108        SH:  0    Dex: 10    Spells: 0 memorised, 3 levels left

rFire  . . .     SeeInvis .     a - +0 war axe
rCold  . . .     Clarity  .     m - +0 ring mail (curse)
rNeg   . . .     SustAt   .     (no shield)
rPois  .         Gourm    .     j - +2 hat
rElec  .         Spirit   .     (no cloak)
rCorr  .         Warding  .     (no gloves)
rMut   .         Stasis   .     (no boots)
MR     .....                    (no amulet)
Stlth  +.........               (no ring)
                                (no ring)

@: drained, not resistant to hostile enchantments, very unstealthy
A: retaliatory headbutt, horns 2
a: no special abilities


You were on level 4 of the Dungeon.
You were not hungry.

You visited 1 branch of the dungeon, and saw 4 of its levels.

You collected 108 gold pieces.

Inventory:

Hand Weapons
 a - a +0 war axe (weapon)
Missiles
 d - 3 throwing nets
 f - 6 tomahawks (quivered)
 u - 14 sling bullets of frost
Armour
 b - a +0 leather armour
 c - a +0 hat
 h - a +0 chain mail
 j - a +2 hat (worn)
 m - a cursed +0 ring mail (worn)
 s - a +0 robe
Scrolls
 k - 3 scrolls of identify {unknown}
 l - 2 scrolls of immolation {unknown}
 p - 2 scrolls of amnesia {unknown}
 r - a scroll of random uselessness {unknown}
 t - 4 scrolls of fog {unknown}
 w - a scroll of remove curse {unknown}
Potions
 g - a potion of ambrosia {unknown}
 i - a potion of curing
 v - a potion of mutation {unknown}
 x - 2 potions of agility {unknown}
Comestibles
 e - 5 bread rations
 o - 7 fruits
 q - a slice of pizza


   Skills:
 + Level 2.8(2.7) Fighting
 + Level 5.0(4.8) Axes
 + Level 2.3(2.1) Throwing
 + Level 1.9(1.7) Armour
 + Level 4.3(4.1) Dodging
 + Level 0.6(0.5) Stealth


You had 3 spell levels left.
You didn't know any spells.

Dungeon Overview and Level Annotations

Branches:
Dungeon (4/15)
 Temple: D:4-7

Altars:
Kikubaaqudgha
Qazlal


Innate Abilities, Weirdness & Mutations

You reflexively headbutt those who attack you in melee.
You have a pair of horns on your head.


Message History

The gnoll is heavily wounded.
The gnoll hits you but does no damage. The gnoll hits you with a flail.
* * * LOW HITPOINT WARNING * * *
The gnoll barely misses you.
It was a potion of curing.
You feel better. The gnoll closely misses you. You furiously retaliate!
You headbutt the gnoll. The gnoll hits you but does no damage.
The gnoll hits you from afar with a spear!
* * * LOW HITPOINT WARNING * * *
Unknown command.
The gnoll barely misses you. The gnoll hits you but does no damage.
You open the door. The gnoll closely misses you.
There is an open door here.
You barely miss the gnoll. You closely miss the gnoll.
The gnoll is heavily wounded.
The gnoll hits you from afar with a spear.
* * * LOW HITPOINT WARNING * * *
The gnoll hits you with a flail.
You die...

......####+####
#+###............
+...#............
#...'....<.......
#...#............
#...#............
#gg.#............
#g###............
#@#........#+####
+....+........#
#....#........+
#....#........#
##.###........#
#. .. ...


You could see 3 gnolls.

Vanquished Creatures
  2 worker ants
  4 adders
  A worm (D:3)
  4 giant geckos
  5 bats
  3 giant cockroaches
  4 goblins
  5 hobgoblins
  2 kobolds
  3 quokkas (D:2)
  5 giant newts
  3 jackals (D:3)
  4 rats
45 creatures vanquished.

Notes
Turn   | Place    | Note
--------------------------------------------------------------
     0 | D:1      | Ohli the Minotaur Gladiator began the quest for the Orb.
     0 | D:1      | Reached XP level 1. HP: 18/18 MP: 0/0
   161 | D:1      | Reached XP level 2. HP: 19/25 MP: 1/1
   450 | D:1      | Reached skill level 4 in Axes
   795 | D:2      | Reached XP level 3. HP: 15/30 MP: 2/2
  1094 | D:2      | Reached skill level 1 in Armour
  1409 | D:3      | Found a stormy altar of Qazlal.
  1410 | D:3      | Found an ancient bone altar of Kikubaaqudgha.
  1717 | D:3      | Reached XP level 4. HP: 30/37 MP: 3/3
  2109 | D:4      | Reached skill level 5 in Axes
  2119 | D:4      | Slain by a gnoll

Vault maps used:
D:1:      lordsloth_arrival_two_stooges
D:2:      first_bread
D:3:      gammafunk_temple_overflow_pools
D:4:      serial_shops, nicolae_shop_trees, shop_statue, shop_coins

Action                   |  1- 3 |  4- 6 || total
-------------------------+-------+-------++-------
Melee: War axe           |    72 |    22 ||    94
Throw: Tomahawk          |     5 |       ||     5
  Use: Potion            |       |     1 ||     1
  Eat: Chunk             |     2 |     1 ||     3
       Beef jerky        |       |     1 ||     1
